 Dungeon Crawl Stone Soup version 0.27.0-1-g7a089689b8 (webtiles) character file.

Game seed: 15512870461466318217

15504 EnegeticOcto the Cleaver (level 12, 25/110 HPs)
             Began as a Deep Dwarf Fighter on Aug 5, 2021.
             Was a Priest of Makhleb.
             Quit the game on level 11 of the Dungeon.
             The game lasted 00:05:21 (8054 turns).

EnegeticOcto the Cleaver (Deep Dwarf Fighter)       Turns: 8054, Time: 00:05:21

Health: 25/110     AC: 23    Str: 23    XL:     12   Next: 1%
Magic:  1/1        EV:  6    Int: 11    God:    Makhleb [***...]
Gold:   657        SH: 17    Dex: 12    Spells: 11/11 levels left

rFire    . . .     SeeInvis .   a - +0 war axe
rCold    . . .     Faith    .   c - +0 kite shield
rNeg     . . .     Spirit   .   l - +3 plate armour
rPois    +         Reflect  +   (no helmet)
rElec    .         Harm     .   A - +1 cloak
rCorr    .         Rampage  .   (no gloves)
Will     +....                  D - +2 pair of boots
Stlth    ..........             f - amulet of reflection
HPRegen  0.00/turn              e - ring of poison resistance
MPRegen  0.07/turn              (no ring)

@: no status effects
A: damage resistance, heal wounds, sense surroundings 2, no regeneration
a: Heal Wounds, Renounce Religion, Minor Destruction, Lesser Servant of Makhleb


You were on level 11 of the Dungeon.
You worshipped Makhleb.
Makhleb was most pleased with you.
You visited 2 branches of the dungeon, and saw 12 of its levels.

You collected 727 gold pieces.
You spent 70 gold pieces at shops.

Inventory:

Hand Weapons
 a - a +0 war axe (weapon)
Missiles
 v - 2 curare-tipped darts
 F - a throwing net
Armour
 b - a +0 scale mail
 c - a +0 kite shield (worn)
 l - a +3 plate armour (worn)
 A - a +1 cloak (worn)
 D - a +2 pair of boots (worn)
Jewellery
 e - a ring of poison resistance (left hand)
 f - an amulet of reflection (around neck)
 x - an amulet of faith
Wands
 k - a wand of charming (6)
 q - a wand of polymorph (13)
 t - a wand of digging (3) {@v3}
Scrolls
 g - 8 scrolls of teleportation {@r3}
 h - a scroll of blinking {@r4}
 i - a scroll of fog
 j - 2 scrolls of immolation
 n - 2 scrolls of magic mapping {@r5}
 y - a scroll of silence
 C - a scroll of enchant armour
 E - 3 scrolls of identify {@r1}
Potions
 d - 5 potions of might {@q3}
 m - 3 potions of brilliance
 o - a potion of invisibility
 p - 4 potions of degeneration
 r - 5 potions of haste {@q4}
 s - a potion of berserk rage
 u - 2 potions of ambrosia
 w - a potion of curing {@q1}
 z - 4 potions of attraction
 B - 2 potions of mutation


   Skills:
 + Level 7.9 Fighting
 * Level 12.4 Axes
 + Level 9.4 Armour
 + Level 9.4 Shields
 * Level 10.5 Invocations


You had 11 spell levels left.
You didn't know any spells.
Your spell library was empty.

Dungeon Overview and Level Annotations

Branches:
Dungeon (11/15)            Temple (1/1) D:5            Lair (0/6) D:9
    Orc: D:9-12

Altars:
Ashenzari
Cheibriados
Dithmenos
Fedhas
Gozag
Kikubaaqudgha
Makhleb
Nemelex Xobeh
Okawaru
Ru
Trog
Uskayaw
Vehumet
Wu Jian
Xom
Yredelemnul
The Shining One

Shops:
D:8 :   D:10 *

Annotations:
D:6 1 runed translucent door, Crazy Yiuf
D:9 1 runed translucent door


Innate Abilities, Weirdness & Mutations

You are resistant to damage.
You can heal yourself by infusing magical energy.
You passively map the area around you.
You do not regenerate.


Message History

You hit the freezing wraith.
The vampire mosquito bites you but does no damage.
The vampire mosquito completely misses you.
The freezing wraith hits you but does no damage.
You block the freezing wraith's attack.
You closely miss the freezing wraith.
The freezing wraith is almost destroyed.
You hit the vampire mosquito.
You block the vampire mosquito's attack. x2
The freezing wraith hits you but does no damage.
The freezing wraith hits you!
You are too injured to fight recklessly!
You are too injured to fight recklessly!
You are too injured to fight recklessly!
You are too injured to fight recklessly!
You are too injured to fight recklessly!
You are too injured to fight recklessly!
You are too injured to fight recklessly!
You are too injured to fight recklessly!
You are too injured to fight recklessly!
You are too injured to fight recklessly!
You are too injured to fight recklessly!
You are too injured to fight recklessly!
You are too injured to fight recklessly!
Your magical essence is drained by the effort!
You feel much better.
You block the vampire mosquito's attack.
The vampire mosquito bites you!
The vampire mosquito draws strength from your injuries!
The freezing wraith hits you! The freezing wraith freezes you!!
You block the freezing wraith's attack.
You don't have enough innate magic capacity.
You are too injured to fight recklessly!
You are too injured to fight recklessly!
You are too injured to fight recklessly!
You are too injured to fight recklessly!
You are too injured to fight recklessly!
You are too injured to fight recklessly!
You are too injured to fight recklessly!
You are too injured to fight recklessly!
You are too injured to fight recklessly!
You are too injured to fight recklessly!
You are too injured to fight recklessly!
You hit the freezing wraith but do no damage.
The freezing wraith is almost destroyed.
You slash the vampire mosquito!
You destroy the vampire mosquito!
Makhleb accepts your kill.
You feel better. You block the freezing wraith's attack.
The freezing wraith hits you but does no damage.
You hit the freezing wraith but do no damage.
The freezing wraith is almost destroyed.
The freezing wraith hits you but does no damage.
You block the freezing wraith's attack.
You barely miss the freezing wraith.
The freezing wraith is almost destroyed.
You block the freezing wraith's attack. x2
You hit the freezing wraith but do no damage.
The freezing wraith is almost destroyed.
The freezing wraith hits you but does no damage.
You block the freezing wraith's attack.
You hit the freezing wraith but do no damage.
The freezing wraith is almost destroyed.
The freezing wraith hits you. The freezing wraith freezes you!
* * * LOW HITPOINT WARNING * * *
The freezing wraith barely misses you.
You hit the freezing wraith.
The freezing wraith is almost destroyed.
The freezing wraith hits you but does no damage.
You block the freezing wraith's attack.
You completely miss the freezing wraith.
The freezing wraith is almost destroyed.
You block the freezing wraith's attack. The freezing wraith hits you.
* * * LOW HITPOINT WARNING * * *
The freezing wraith drains your vigour!
You feel yourself slow down.
You hit the freezing wraith but do no damage.
The freezing wraith is almost destroyed.
The freezing wraith hits you but does no damage. x2
You slash the freezing wraith!
You destroy the freezing wraith!
Makhleb accepts your kill.
You have reached level 12!
Your experience leads to an increase in your attributes!
Increase (s)trength, (i)ntelligence, or (d)exterity?
You feel stronger.
You feel clever.
You now have 645 gold pieces (gained 7).
You feel yourself speed up.
You now have 657 gold pieces (gained 12).
A centaur comes into view.
The centaur shouts!
You hear an angry buzzing noise. x3
The centaur wields a +0 shortbow.
The centaur shoots an arrow.
You reflect the arrow off an invisible shield around you!
The arrow barely misses the centaur.
A vampire mosquito comes into view. x2
The centaur shoots an arrow.
The arrow hits you.
There are monsters nearby!
There are monsters nearby!
There are monsters nearby!
There are monsters nearby!
Are you sure you want to abandon this character and quit the game? (Confirm with "yes".)

,, * ,, , ,
, * ,
,.y..c. , ,
* ,, y....
, * , ....#
, ,, ...# *
* , ,*
,...# * * ,
* * * *#..#
, , #..# ,
,, * * #@.#
#§ , , , ,,
#..# #§
####### ,,
, #..#
#§##.....#
* * #..#
#........#,
, #..# #..#
*#.......#
#..# #..#
#.......###
#..# #..#
#.........#
, * #..#
#..#
#.........#
.#####..#
#..#
#...####...


You could see 2 vampire mosquitoes and a centaur.

Vanquished Creatures
  Harold (D:10)
  A death knight (D:8)
  4 two-headed ogres
  Pikel (D:8)
  Joseph (D:8)
  Psyche (D:8)
  2 komodo dragons
  2 freezing wraiths
  A hornet (D:7)
  A troll (D:11)
  A wyvern (D:8)
  2 wraiths (D:8)
  23 yaks
  2 humans (D:7)
  6 vampire mosquitoes
  2 steam dragons (D:9)
  Duvessa (D:4)
  2 water moccasins
  3 orc warriors
  An ice beast (D:3)
  3 black bears (D:9)
  A sky beast (D:5)
  A necrophage (D:8)
  2 ogres
  4 centaurs
  A phantom (D:5)
  3 kobold brigands
  2 bullfrogs
  A wyvern zombie (D:9)
  Dowan (D:4)
  2 scorpions
  2 wyvern skeletons (D:5)
  4 wights (D:8)
  13 killer bees
  3 howler monkeys (D:9)
  2 centaur zombies
  3 orc priests
  3 hounds
  A bullfrog skeleton (D:5)
  An iguana (D:6)
  A scorpion zombie (D:5)
  A centaur skeleton (D:6)
  Ijyb (D:4)
  8 orc wizards
  A killer bee zombie (D:6)
  A hound zombie (D:5)
  A hound skeleton (D:4)
  4 gnolls
  A howler monkey zombie (D:8)
  A howler monkey skeleton (D:7)
  6 adders
  A shadow imp (D:5)
  An ufetubus (D:5)
  2 worms
  33 orcs
  4 ball pythons
  4 bats
  6 endoplasms
  A giant cockroach (D:1)
  14 goblins
  5 hobgoblins
  7 jackals (D:4)
  2 quokkas
  5 frilled lizards
  A jackal zombie (D:9)
  17 kobolds
  A kobold skeleton (D:9)
  2 rats (D:2)
243 creatures vanquished.

Vanquished Creatures (others)
  17 fungi (D:9)
  25 plants (D:9)
42 creatures vanquished.

Grand Total: 285 creatures vanquished

Notes
Turn   | Place    | Note
-------+----------+-------------------------------------------
     0 | D:1      | EnegeticOcto the Deep Dwarf Fighter began the quest for the
                  | Orb.
     0 | D:1      | Reached XP level 1. HP: 20/20 MP: 1/1
    43 | D:1      | Reached XP level 2. HP: 24/27 MP: 2/2
   399 | D:2      | Reached skill level 3 in Axes
   399 | D:2      | Reached XP level 3. HP: 30/34 MP: 3/3
   712 | D:3      | Reached XP level 4. HP: 32/42 MP: 4/4
   922 | D:3      | Noticed an ice beast
   949 | D:3      | Killed an ice beast
   950 | D:3      | Reached skill level 4 in Axes
   950 | D:3      | Reached XP level 5. HP: 30/49 MP: 4/4
  1246 | D:3      | Found a shadowy altar of Dithmenos.
  1252 | D:3      | Reached XP level 6. HP: 34/56 MP: 5/5
  1526 | D:4      | Found a snail-covered altar of Cheibriados.
  1668 | D:4      | Noticed Ijyb
  1678 | D:4      | Killed Ijyb
  1679 | D:4      | Reached skill level 5 in Axes
  1878 | D:4      | Noticed Dowan
  1879 | D:4      | Noticed Duvessa
  1905 | D:4      | Killed Duvessa
  1906 | D:4      | Killed Dowan
  1907 | D:4      | Reached XP level 7. HP: 39/64 MP: 6/6
  2092 | D:4      | Found an ornate altar of the Wu Jian Council.
  2136 | D:4      | Reached skill level 5 in Shields
  2224 | D:5      | Entered Level 5 of the Dungeon
  2237 | D:5      | Reached skill level 5 in Armour
  2335 | D:5      | Reached skill level 6 in Axes
  2473 | D:5      | Found a bloodstained altar of Trog.
  2591 | D:5      | Found a staircase to the Ecumenical Temple.
  2598 | D:5      | Reached XP level 8. HP: 48/73 MP: 7/7
  2603 | Temple   | Entered the Ecumenical Temple
  2615 | Temple   | Became a worshipper of Makhleb the Destroyer
  2666 | D:5      | Found a sacrificial altar of Ru.
  2674 | D:5      | Reached skill level 7 in Axes
  2707 | D:5      | Found a broken altar of Ashenzari.
  2890 | D:6      | Reached skill level 1 in Invocations
  2915 | D:6      | Found a sparkling altar of Nemelex Xobeh.
  3138 | D:6      | Reached skill level 5 in Fighting
  3168 | D:6      | Found an opulent altar of Gozag.
  3327 | D:6      | Found a runed translucent door.
  3328 | D:6      | Noticed Crazy Yiuf
  3546 | D:7      | Reached skill level 8 in Axes
  3770 | D:7      | Noticed a two-headed ogre
  3789 | D:7      | Killed a two-headed ogre
  3790 | D:7      | Gained mutation: You passively map the area around you.
                  | [Deep Dwarf growth]
  3790 | D:7      | Reached XP level 9. HP: 78/81 MP: 7/7
  3931 | D:7      | Reached skill level 9 in Axes
  3943 | D:7      | Found an iron altar of Okawaru.
  3971 | D:7      | Reached * piety under Makhleb
  4463 | D:8      | Noticed a death knight
  4463 | D:8      | Noticed a freezing wraith
  4517 | D:8      | Killed a death knight
  4518 | D:8      | Reached skill level 5 in Invocations
  4578 | D:8      | Killed a freezing wraith
  4579 | D:8      | Reached XP level 10. HP: 89/91 MP: 4/4
  4583 | D:8      | Reached skill level 10 in Axes
  4700 | D:8      | Noticed Pikel
  4715 | D:8      | Killed Pikel
  5012 | D:8      | Found Zotwyuh's Book Shop.
  5075 | D:8      | Noticed Joseph
  5110 | D:8      | Killed Joseph
  5148 | D:8      | Noticed Psyche
  5183 | D:8      | Killed Psyche
  5276 | D:8      | Found an ancient bone altar of Kikubaaqudgha.
  5704 | D:9      | Reached ** piety under Makhleb
  5753 | D:9      | Found a blossoming altar of Fedhas.
  5790 | D:9      | Noticed a two-headed ogre
  5805 | D:9      | Killed a two-headed ogre
  5806 | D:9      | Reached skill level 11 in Axes
  5858 | D:9      | Reached XP level 11. HP: 51/100 MP: 4/6
  5876 | D:9      | Found a staircase to the Lair.
  6130 | D:9      | Found a runed translucent door.
  6131 | D:9      | Found a basalt altar of Yredelemnul.
  6676 | D:10     | Entered Level 10 of the Dungeon
  6685 | D:10     | Noticed a two-headed ogre
  6696 | D:10     | Killed a two-headed ogre
  6867 | D:10     | Noticed Harold
  6887 | D:10     | Killed Harold
  7079 | D:10     | Reached skill level 12 in Axes
  7102 | D:10     | Reached *** piety under Makhleb
  7103 | D:10     | Reached skill level 10 in Invocations
  7132 | D:10     | Found Gemmyatei's Island Escapes.
  7171 | D:10     | Found a glowing golden altar of the Shining One.
  7223 | D:10     | Noticed a two-headed ogre
  7238 | D:10     | Killed a two-headed ogre
  7685 | D:10     | Bought a scroll of teleportation for 42 gold pieces
  7685 | D:10     | Bought a scroll of fog for 28 gold pieces
  7988 | D:11     | Reached XP level 12. HP: 25/110 MP: 1/1
  8054 | D:11     | Quit the game

Illustrated notes

Levels and vault maps discovered:
D:1:      dpeg_arrival_round_c, layout_loops_ring
D:2:      layout_basic
D:3:      layout_loops_ring, grunt_dithmenos_smoke_and_mirrors
D:4:      kennysheep_goblin_castle, layout_cave_pods, nzn_wu_jian_contemplation,
          mainiacjoe_overflow_cross_hatched, uniq_duvessa
D:5:      layout_loops_ring, bloody_trog, mainiacjoe_overflow_catwalk,
          amcnicky_altar_gilded, minmay_temple_entry_grid,
          hellmonk_bongcloud_opening, minmay_circle_x
D:6:      layout_basic, old_standard_altar, nemelex_xobeh_ov_fountains_minmay,
          chequers_serial_rivers_micro_c, uniq_crazy_yiuf_cottage
D:7:      layout_gridville, okawaru_humans
D:8:      layout_basic, lemuel_tele_altar, serial_shops, kennysheep_mini_moat,
          uniq_psyche, uniq_pikel, uniq_joseph
D:9:      layout_basic, fedhas_altar_3, dk_yredelemnul_ordeal,
          grunt_lair_entry_orc_guard_hut, billiards_dpeg
D:10:     layout_loops_corners, tso_oasis_becter, minmay_misc_feat_diagonals,
          nicolae_island_escapes, uniq_harold
D:11:     layout_long_grid, beargit_hepliaklqana_dungeon_heroes
Temple:   compressed_dpeg_triangle_lava_temple

Skill      XL: |  1  2  3  4  5  6  7  8  9 10 11 |
---------------+----------------------------------+-----
Fighting       | 3 4 5 6 7 |  7.9
Axes           | 3 4 5 6 8 9 11 12 | 12.4
Shields        | 4 5 6 7 8 9 |  9.4
Armour         | 4 5 6 7 8 9 |  9.4
Invocations    | 3 5 8 10 | 10.5

Action                   |  1- 3 |  4- 6 |  7- 9 | 10-12 || total
-------------------------+-------+-------+-------+-------++-------
Melee: War axe           |    94 |   164 |   333 |   567 ||  1158
       Unarmed           |       |       |       |    19 ||    19
 Abil: Heal Wounds       |       |     5 |    36 |    27 ||    68
  Use: Scroll            |       |       |    16 |     4 ||    20
       Potion            |       |       |       |     1 ||     1
Armor: Scale mail        |    10 |       |       |       ||    10
       Plate armour      |    41 |    99 |   211 |   439 ||   790
       Skin              |       |       |       |     3 ||     3
Dodge: Dodged            |    15 |    30 |    52 |   146 ||   243
Block: Kite shield       |    84 |   198 |   356 |   682 ||  1320
       Reflection        |     2 |     7 |     1 |    14 ||    24
